 Dungeon Crawl Stone Soup version 0.31-a0-542-gdc2a67831c (webtiles) character file.

Game seed: 2222098304319046340

2506 Zonian the Nimble (level 9, -13/71 HPs)
             Began as a Merfolk Shapeshifter on Aug 15, 2023.
             Was an Initiate of Gozag.
             Killed from afar by a steam dragon (20 damage)
             ... with a ball of steam
             ... on level 7 of the Dungeon.
             The game lasted 00:16:29 (8722 turns).

Zonian the Nimble (Merfolk Shapeshifter)            Turns: 8722, Time: 00:16:32

Health: -13/71     AC:  2    Str: 24    XL:     9   Next: 53%
Magic:  9/9        EV: 15    Int:  6    God:    Gozag
Gold:   178        SH:  0    Dex: 13    Spells: 8/8 levels left

rFire   . .          .
                       - Unarmed
rCold   . . .        (no shield)
rNeg    . . .        a - +0 animal skin
rPois   +            (helmet currently unavailable)
rElec   .            (cloak currently unavailable)
rCorr   .            (gloves currently unavailable)
SInv    .            (boots currently unavailable)
Will    .....        (no amulet)
Stlth   ++           h - ring of poison resistance
HPRegen 0.31/turn    n - +4 ring of slaying
MPRegen 0.11/turn

%: no passive effects
@: beast-form, gold aura
A: beast (slay +4), (nimble swimmer 2), mertail, strong 1
a: Begin Untransformation, Renounce Religion, Potion Petition, Call Merchant,
Bribe Branch


You were on level 7 of the Dungeon.
You worshipped Gozag.
Gozag was aware of your devotion.
You were a hulking beast.
You visited 1 branch of the dungeon, and saw 7 of its levels.

You collected 571 gold pieces.
You paid 393 gold pieces to Gozag.

Inventory:

Armour
 a - a +0 animal skin (worn)
Jewellery
 h - a ring of poison resistance (left hand)
 j - a ring of magical power
 n - a +4 ring of slaying (right hand)
Talismans
 c - a beast talisman (active)
 d - a flux talisman
 k - a blade talisman
Wands
 f - a wand of paralysis (6)
 s - a wand of flame (7)
Scrolls
 i - 3 scrolls of identify
 m - 2 scrolls of teleportation
 p - a scroll of fog
 r - a scroll of vulnerability {unknown}
Potions
 b - 2 potions of enlightenment {unknown}
 e - 4 potions of berserk rage
 g - 2 potions of brilliance
 l - a potion of invisibility {unknown}
 o - a potion of haste {unknown}
 q - a potion of curing


   Skills:
 + Level 6.7 Fighting
 + Level 8.3 Dodging
 - Level 4.0 Stealth
 + Level 7.3 Unarmed Combat
 + Level 7.7 Shapeshifting


You had 8 spell levels left.
You didn't know any spells.
Your spell library contained the following spells:

 Spells                   Type           Power      Damage    Failure   Level
 Cigotuvi's Dreadful Rot  Necr/Pois/Air  0%         N/A       58%         2
 Hailstorm                Conj/Ice       0%         3d3       83%         3
 Ignite Poison            Fire/Tmut/Pois 0%         N/A       83%         3
 Inner Flame              Hex/Fire       0%         N/A       83%         3
 Summon Guardian Golem    Hex/Summ       0%         N/A       83%         3
 Flame Wave               Conj/Fire      0%         2d4       99%         4
 Sticky Flame             Conj/Fire      0%         2d3       99%         4
 Summon Ice Beast         Ice/Summ       0%         N/A       99%         4
 Freezing Cloud           Conj/Ice/Air   0%         6-21      100%        5
 Orb of Destruction       Conj           0%         9d5       100%        7
 Spellforged Servitor     Conj/Summ      0%         N/A       100%        7
 Simulacrum               Ice/Necr       Unusable   N/A       N/A         6

Dungeon Overview and Level Annotations

Branches:
Dungeon (7/15)             Temple (0/1) D:7

Altars:
Cheibriados
Gozag
Kikubaaqudgha
Ru
Xom


Innate Abilities, Weirdness & Mutations

You are a hulking beast.
Your limbs bulge with bestial killing power. (Slay +4)
((You are very nimble when in or above water. (Stealth+, EV+, Speed+++)))
Your lower body shifts to a powerful aquatic tail in water.
Your muscles are strong. (Str +4, Int/Dex -1)


Message History

No reachable target in view!
Unknown command.
You are engulfed in a cloud of scalding steam.
Okay, then.
The gnoll throws a throwing net.
The throwing net hits you.
You become entangled in the net!
You see here a throwing net.
You struggle against the net.
You tear a large gash into the net.
You rip the net and break free!
Unknown command.
The steam dragon hisses angrily.
You punch the steam dragon!
The steam dragon is moderately wounded.
The steam dragon breathes steam at you. The ball of steam hits you!
* * * LOW HITPOINT WARNING * * *
You punch the steam dragon!
The steam dragon is severely wounded.
You are engulfed in a cloud of scalding steam.
The gnoll hits you from afar with a +0 halberd!
* * * LOW HITPOINT WARNING * * *
The steam dragon bites you!
* * * LOW HITPOINT WARNING * * *
The steam dragon closely misses you. The gnoll misses you.
Okay, then.
Okay, then. [a] - 330 gold - curing and magic [b] - 340 gold - lignification, might and resistance [c] - 588 gold - heal wounds, curing, berserk rage and magic Purchase which effect?
You no longer have enough gold to petition Gozag for potion effects.
You feel better. Magic courses through your body.
You are engulfed in a cloud of scalding steam.
* * * LOW HITPOINT WARNING * * *
The gnoll barely misses you. The steam dragon breathes steam at you.
The ball of steam hits you!!
You die...
Your body crumbles into a pile of gold.

#..###. ##.............#
....#.. #.............#
....... ##.......).(..#
....!.. .............##
...........####.....#.......#
..............#.....#.......#
.................##........##
...........$###g##§§......##
...........§.#gDh§§§......#
#...............§..§§....##
#............##.§§§§..(.##
#.............##......##.###
............[.##.).[...#...##
##..........[)####..........##
###........)).).............#
#....#....####..#.......###
#....#.....# #.####......#


You could see a steam dragon (catching breath) and 2 gnolls.

Vanquished Creatures
  Eustachio (D:5)
  A water moccasin (D:6)
  A black bear (D:6)
  An orc warrior (D:4)
  4 ogres
  5 phantoms
  A bullfrog (D:7)
  3 scorpions
  A howler monkey (D:5)
  7 hounds
  2 jellies
  A gnoll bouda (D:4)
  3 orc priests
  A sleepcap (D:6)
  4 iguanas
  Jessica (D:2)
  Natasha (thrice) (D:4)
  Ijyb (D:4)
  5 orc wizards
  7 adders
  12 gnolls
  2 white imps
  A worm (D:2)
  5 dart slugs
  18 orcs
  6 ball pythons
  10 endoplasms
  6 giant cockroaches
  11 goblins
  10 hobgoblins
  3 jackals (D:1)
  4 quokkas
  5 bats
  A frilled lizard (D:1)
  10 kobolds
  9 rats
166 creatures vanquished.

Notes
Turn   | Place    | Note
-------+----------+-------------------------------------------
     0 | D:1      | Zonian the Merfolk Shapeshifter began the quest for the
                  | Orb.
     0 | D:1      | Reached XP level 1. HP: 15/15 MP: 1/1
    30 | D:1      | Reached XP level 2. HP: 21/21 MP: 2/2
    56 | D:1      | Reached skill level 3 in Dodging
   185 | D:1      | Reached XP level 3. HP: 27/27 MP: 3/3
   487 | D:1      | Found a faded altar of an unknown god.
   814 | D:2      | Noticed Jessica
   819 | D:2      | HP: 1/27 [worm (10)]
   820 | D:2      | Killed Jessica
   821 | D:2      | Reached XP level 4. HP: 2/34 MP: 4/4
  1583 | D:2      | Reached skill level 4 in Dodging
  1649 | D:2      | Reached XP level 5. HP: 33/39 MP: 5/5
  2326 | D:3      | Noticed a phantom
  2941 | D:3      | Found an ancient bone altar of Kikubaaqudgha.
  2968 | D:3      | Killed a phantom
  2969 | D:3      | Reached skill level 5 in Shapeshifting
  2996 | D:3      | Reached XP level 6. HP: 47/47 MP: 6/6
  3332 | D:4      | Reached skill level 5 in Dodging
  3689 | D:4      | Noticed an orc warrior
  3704 | D:4      | Killed an orc warrior
  3705 | D:4      | Reached skill level 5 in Unarmed Combat
  3705 | D:4      | Reached XP level 7. HP: 6/54 MP: 7/7
  3709 | D:4      | HP: 2/54 [something (3)]
  3717 | D:4      | Gained mutation: Your flesh is heat resistant. (rF+)
                  | [potion of mutation]
  3717 | D:4      | Lost mutation: Your flesh is heat resistant. (rF+) [potion
                  | of mutation]
  3717 | D:4      | Gained mutation: Your muscles are strong. (Str +4, Int/Dex
                  | -1) [potion of mutation]
  4481 | D:4      | Reached skill level 6 in Dodging
  4482 | D:4      | Noticed Natasha
  4845 | D:4      | Reached XP level 8. HP: 24/61 MP: 8/8
  5123 | D:4      | Found a snail-covered altar of Cheibriados.
  5170 | D:4      | Noticed Ijyb
  5425 | D:4      | Paralysed by Ijyb for 3 turns
  5431 | D:4      | Paralysed by Ijyb for 4 turns
  5439 | D:4      | Killed Ijyb
  5445 | D:4      | Killed Natasha
  5705 | D:4      | Reached skill level 5 in Fighting
  5705 | D:4      | Reached skill level 1 in Stealth
  6026 | D:4      | Noticed Natasha
  6029 | D:4      | Killed Natasha
  6177 | D:4      | Noticed Natasha
  6183 | D:4      | Killed Natasha
  6220 | D:4      | Found a shimmering altar of Xom.
  6224 | D:4      | Found an opulent altar of Gozag.
  6246 | D:4      | Became a worshipper of Gozag Ym Sagoz the Greedy
  6283 | D:5      | Entered Level 5 of the Dungeon
  6522 | D:5      | Reached skill level 7 in Dodging
  6668 | D:5      | Noticed Eustachio
  6679 | D:5      | Killed Eustachio
  6811 | D:5      | Reached XP level 9. HP: 63/69 MP: 9/9
  7726 | D:6      | Reached skill level 8 in Dodging
  7882 | D:6      | Found a sacrificial altar of Ru.
  8260 | D:7      | Found a staircase to the Ecumenical Temple.
  8721 | D:7      | HP: 3/71 [steam dragon (8)]
  8722 | D:7      | Killed from afar by a steam dragon

Illustrated notes

Levels and vault maps discovered:
D:1:      dreamdust_arrival_sigmund_warning, layout_rooms,
          chequers_ecumenical_altar_lobes, minmay_misc_feat_x
D:2:      layout_loops_ring, uniq_jessica
D:3:      layout_rooms, kiku_gazebo_pond_becter, feat_on_display
D:4:      minmay_evil_eye, layout_basic, lemuel_round_altar,
          minmay_overflow_temple_star_quad, uniq_natasha, uniq_ijyb
D:5:      layout_basic, uniq_eustachio
D:6:      layout_basic, mainiacjoe_overflow_concentric_impassable
D:7:      layout_cave_pools, minmay_temple_entry_hall

Skill      XL: |  1  2  3  4  5  6  7  8  9 |
---------------+----------------------------+-----
Dodging        | 3 4 5 6 7 8 |  8.3
Fighting       | 2 3 4 5 6 |  6.7
Unarmed Combat | 4 5 6 7 |  7.3
Shapeshifting  | 5 6 7 |  7.7
Stealth        | 3 4 |  4.0

Action                     |  1- 3 |  4- 6 |  7- 9 || total
---------------------------+-------+-------+-------++-------
  Melee: Unarmed           |    72 |   149 |   229 ||   450
         Punch             |     3 |     5 |    11 ||    19
 Invoke: Potion Petition   |       |       |     1 ||     1
    Use: Scroll            |       |     4 |     2 ||     6
         Potion            |       |     1 |     7 ||     8
   Stab: Sleeping          |       |       |     3 ||     3
         Distracted        |       |       |     1 ||     1
 Armour: Animal skin       |     7 |    18 |    19 ||    44
         Skin              |       |       |    10 ||    10
  Dodge: Dodged            |    55 |    73 |   116 ||   244

Table legend: (Time is in decaauts)
 A = Elapsed time spent in this place.
 B = Non-inter-level travel time spent in this place.
 C = Inter-level travel time spent in this place.
 D = Time resting spent in this place.
 E = Time spent auto-exploring this place.
 F = Levels seen in this place.
 G = Mean time per level.
                   A        B        C        D        E       F      G
               +--------+--------+--------+--------+--------+-----+--------+
         Total |   8703 |   8344 |    359 |   2876 |   3802 |   7 | 1243.3 |
       Dungeon |   8703 |   8344 |    359 |   2876 |   3802 |   7 | 1243.3 |
               +--------+--------+--------+--------+--------+-----+--------+

Top non-repeatable levels by time:
     D:4: 3047 daAuts
     D:2: 1268 daAuts
     D:5: 1119 daAuts
     D:1: 1063 daAuts
     D:3: 902 daAuts
     D:6: 805 daAuts
     D:7: 495 daAuts
